 Dungeon Crawl Stone Soup version 0.27.0-1-g7a089689b8 (webtiles) character file.

Game seed: 14492039849322056712

65 Thatpatchoflichen the Chopper (level 4, -4/41 HPs)
             Began as a Hill Orc Monk on Aug 9, 2021.
             Was a Priest of the Shining One.
             Killed from afar by Natasha (7 damage)
             ... with a magic dart
             ... on level 2 of the Dungeon.
             The game lasted 00:02:57 (2055 turns).

Thatpatchoflichen the Chopper (Hill Orc Monk)       Turns: 2055, Time: 00:02:57

Health: -4/41      AC:  2    Str: 14    XL:     4   Next: 14%
Magic:  5/5        EV: 12    Int: 10    God:    the Shining One [***...]
Gold:   100        SH:  0    Dex: 13    Spells: 3/3 levels left

rFire    . . .     SeeInvis .   a - +0 hand axe
rCold    . . .     Faith    .   (no shield)
rNeg     + . .     Spirit   .   b - +0 robe
rPois    .         Reflect  .   (no helmet)
rElec    .         Harm     .   (no cloak)
rCorr    .         Rampage  .   (no gloves)
Will     .....                  (no boots)
Stlth    +.........             (no amulet)
HPRegen  0.13/turn              (no ring)
MPRegen  0.09/turn              (no ring)

@: glowing
A: no striking features
a: Renounce Religion, Divine Shield


You were on level 2 of the Dungeon.
You worshipped the Shining One.
The Shining One was most pleased with you.
You visited 1 branch of the dungeon, and saw 2 of its levels.

You collected 100 gold pieces.

Inventory:

Hand Weapons
 a - a +0 hand axe (weapon)
Armour
 b - a +0 robe (worn)
Scrolls
 c - a scroll of enchant weapon {unknown}
 d - a scroll of blinking {unknown}
 f - a scroll of enchant armour {unknown}
 h - a scroll of teleportation {unknown}
Potions
 e - a potion of lignification {unknown}
 g - 2 potions of might {unknown}
 i - a potion of degeneration {unknown}
 j - a potion of heal wounds {unknown}
 k - a potion of brilliance {unknown}
 l - a potion of curing {unknown}
 m - a potion of haste {unknown}
 n - a potion of mutation {unknown}
 o - a potion of flight {unknown}


   Skills:
 + Level 4.5 Fighting
 - Level 4.5 Axes
 + Level 2.0 Armour
 - Level 2.4 Dodging
 - Level 1.5 Stealth
 + Level 1.8 Invocations


You had 3 spell levels left.
You didn't know any spells.
Your spell library contained the following spells:

 Spells                   Type           Power      Damage    Failure   Level
 Passwall                 Tmut/Erth      0%         N/A       50%         2
 Sublimation of Blood     Necr           0%         N/A       50%         2
 Swiftness                Air            0%         N/A       75%         3
 Petrify                  Tmut/Erth      0%         N/A       98%         4
 Irradiate                Conj/Tmut      0%         3d13      100%        5
 Invisibility             Hex            0%         N/A       100%        6


Dungeon Overview and Level Annotations

Branches:
Dungeon (2/15)

Altars:
Yredelemnul
The Shining One

Annotations:
D:2 Natasha


Message History

You start resting.
You feel yourself speed up.
You start resting.
HP restored.
You see here the felid skeleton of Natasha.
Found a stone staircase leading down.
There is a stone staircase leading down here.
Natasha, Servant of Life and Death comes into view.
Natasha hisses angrily.
Natasha mumbles some strange words.
Natasha stares at you and mumbles some strange words.
The magic dart hits you.
Natasha casts a spell.
The iron imp hits you! Natasha claws you.
You hit Natasha.
Natasha is lightly wounded.
You hit the iron imp but do no damage. Natasha casts a spell at you.
The magic dart hits you. The iron imp hits you.
You barely miss Natasha.
Natasha is lightly wounded.
You barely miss the shadow imp. You hit the iron imp but do no damage.
Natasha claws you. The iron imp hits you!
* * * LOW HITPOINT WARNING * * *
The shadow imp hits you.
* * * LOW HITPOINT WARNING * * *
You hit Natasha.
Natasha is heavily wounded.
You hit the iron imp. You barely miss the shadow imp.
Natasha barely misses you. The shadow imp closely misses you.
The iron imp barely misses you.
You barely miss Natasha.
Natasha is heavily wounded.
You hit the iron imp but do no damage.
You hit the shadow imp but do no damage.
Natasha wildly gestures.
Natasha shimmers violently.
Natasha stares at you and mumbles some strange words.
The magic dart hits you!
You die...

.#..#.##..<..##.##.##.........###
....#............................
.#.##...............#############
.#.##..#.######.###.# .#.......#
#.# #.# .......### #.# #.#
#####.## #.###.# #.. #..5..####
## #.@h...... #5....#### #.#.#.#
......# ########


You could see an iron imp (summoned), Natasha and a shadow imp (summoned).

Vanquished Creatures
  Natasha (D:2)
  An adder (D:2)
  3 ball pythons (D:2)
  An endoplasm (D:1)
  2 giant cockroaches
  2 goblins (D:1)
  8 jackals
  A kobold (D:1)
  5 bats
  4 frilled lizards (D:1)
  3 rats
31 creatures vanquished.

Notes
Turn   | Place    | Note
-------+----------+-------------------------------------------
     0 | D:1      | Thatpatchoflichen the Hill Orc Monk began the quest for the
                  | Orb.
     0 | D:1      | Reached XP level 1. HP: 19/19 MP: 1/1
    14 | D:1      | Found a faded altar of an unknown god.
   183 | D:1      | Became a worshipper of the Shining One
   183 | D:1      | Reached * piety under the Shining One
   183 | D:1      | Reached ** piety under the Shining One
   411 | D:1      | Reached XP level 2. HP: 25/27 MP: 2/2
   431 | D:1      | Reached skill level 1 in Armour
   623 | D:1      | Reached *** piety under the Shining One
   966 | D:2      | Reached XP level 3. HP: 5/33 MP: 3/3
   967 | D:2      | Reached skill level 1 in Invocations
  1509 | D:2      | Found a basalt altar of Yredelemnul.
  1714 | D:2      | Noticed Natasha
  1726 | D:2      | Killed Natasha
  1727 | D:2      | Reached XP level 4. HP: 5/41 MP: 3/5
  2046 | D:2      | Noticed Natasha
  2055 | D:2      | Killed from afar by Natasha

Illustrated notes

Levels and vault maps discovered:
D:1:      giann_horns, layout_rooms, hellmonk_ecumenical_altar_heavens_door,
          serial_bayou_crossing
D:2:      layout_loops_ring, basic_altar, uniq_natasha

Skill      XL: |  1  2  3 |
---------------+----------+-----
Armour         | 1 2 |  2.0
Fighting       | 4 |  4.5
Invocations    | 1 |  1.8
Axes           | |  4.5
Dodging        | |  2.4
Stealth        | |  1.5

Action                   |  1- 3 |  4- 6 || total
-------------------------+-------+-------++-------
Melee: Hand axe          |    71 |     4 ||    75
Armor: Robe              |    33 |       ||    33
Dodge: Dodged            |    86 |     3 ||    89
